 Dungeon Crawl Stone Soup version 0.19.1-1-g22dce08 (webtiles) character file.

2261 Gargoyl the Poker (level 9, -11/75 HPs)
             Began as a Ghoul Abyssal Knight on Jan 12, 2017.
             Was an Elder of Lugonu.
             Mangled by an orc warrior
             ... wielding a +0 short sword
              (13 damage)
             ... on level 7 of the Dungeon.
             The game lasted 00:14:06 (5326 turns).

Gargoyl the Poker (Ghoul Abyssal Knight)            Turns: 5326, Time: 00:14:06

Health: -11/75     AC: 16    Str: 17      XL:     9   Next: 38%
Magic:  12/12      EV: 11    Int:  7      God:    Lugonu [****..]
Gold:   422        SH:  0    Dex: 14 (15) Spells: 0 memorised, 8 levels left

rFire  . . .     SeeInvis .     n - +3 trident (venom)
rCold  + . .     Gourm    .     g - +0 plate armour
rNeg   + + +     Faith    .     (no shield)
rPois  ∞         Spirit   .     o - +0 helmet
rElec  .         Reflect  .     (no cloak)
rCorr  .         Harm     .     i - +0 pair of gloves {archery}
MR     +....                    h - +0 pair of boots
Stlth  ..........               (no amulet)
                                A - ring of protection from magic
                                u - +2 ring of slaying

@: agile, rotting
A: rotting body, claws 1, carnivore 3, cold resistance 1, negative energy
resistance 3, slow regeneration 1, torment resistance, unbreathing
a: Depart the Abyss, Bend Space, Banish, Corrupt, Renounce Religion


You were on level 7 of the Dungeon.
You worshipped Lugonu.
Lugonu was greatly pleased with you.
You were not hungry.

You visited 1 branch of the dungeon, and saw 7 of its levels.
You visited the Abyss 1 time.

You collected 422 gold pieces.

Inventory:

Hand Weapons
 n - a +3 trident of venom (weapon)
 y - a +0 war axe
 z - a +3 hand axe
 D - a +2 spear of piercing
 I - the +4 short sword "Cass" {pain, rF+ MR++}
   (You found it on level 6 of the Dungeon)

   In the hands of one skilled in necromantic magic, it inflicts extra damage on
   living creatures.
   It protects you from fire.
   It affects your resistance to hostile enchantments.
Missiles
 w - 8 javelins
 x - 6 tomahawks (quivered)
Armour
 g - a +0 plate armour (worn)
 h - a +0 pair of boots (worn)
 i - a +0 pair of gloves of archery (worn)
 o - a +0 helmet (worn)
Jewellery
 u - a +2 ring of slaying (left hand)
 A - a ring of protection from magic (right hand)
 B - an uncursed ring of protection from cold
Wands
 e - a wand of acid (11/15)
 k - a wand of digging (17/24)
 v - a wand of lightning (8/15)
Scrolls
 a - a scroll of immolation {unknown}
 l - 2 scrolls of recharging
 m - a scroll of amnesia
 q - 2 scrolls of magic mapping
 r - 2 scrolls of teleportation
 t - 2 scrolls of remove curse
Potions
 d - a potion of degeneration {unknown}
 f - 4 potions of agility
 p - 2 potions of curing {unknown}
 s - 3 potions of lignification {unknown}
 C - a potion of heal wounds {unknown}
 E - a potion of invisibility {unknown}
 F - a potion of might {unknown}
 G - a potion of cure mutation {unknown}
Miscellaneous
 b - a box of beasts
Comestibles
 c - 5 meat rations
 H - a chunk of flesh


   Skills:
 + Level 6.0 Fighting
 + Level 2.6(5.2) Axes
 + Level 7.0(7.2) Polearms
 * Level 5.7 Armour
 + Level 1.1 Dodging
 * Level 5.7 Invocations


You had 8 spell levels left.
You didn't know any spells.

Dungeon Overview and Level Annotations

Branches:
Dungeon (7/15)             Temple (0/1) D:4

Altars:
Cheibriados
Hepliaklqana
Trog
Xom
The Shining One


Innate Abilities, Weirdness & Mutations

Your body is rotting away.
You thrive on raw meat.
You are immune to poison.
You have sharp fingernails.
You are carnivorous and can eat meat at any time.
Your flesh is cold resistant. (rC+)
You are immune to negative energy. (rN+++)
You regenerate slowly when monsters are visible.
You are immune to unholy pain and torment.
You can survive without breathing.


Message History

Your plate armour prevents you from hitting the orc warrior.
The orc warrior is almost dead.
The orc wizard casts a spell at you. The magic dart hits you!
The orc warrior barely misses you. Something hits you but does no damage.
Unknown command.
You barely miss the orc warrior.
The orc warrior is almost dead.
You kill the orc wizard!
Lugonu accepts your kill.
Your Polearms skill increases to level 7!
The orc warrior hits you with a short sword!
* * * LOW HITPOINT WARNING * * *
You hear some strange, mumbled words.
A magic dart appears from out of thin air!
The magic dart hits you!
It was a potion of agility.
You feel agile all of a sudden.
The orc warrior hits you with a short sword!
You die...

#..............#
###............
#.....#.#..#.
#.....#.#..#
#.....#....#
##.........#
.......#....#
............##.#
.......o@).....#
......){........
................
................
...............
...............
.....#.........
............/..


You could see an orc warrior.

Vanquished Creatures
  A hippogriff (D:5)
  A water moccasin (D:6)
  3 ice beasts
  An orc warrior (D:7)
  2 ogres
  2 eyes of draining (D:4)
  A hornet zombie (D:4)
  A centaur (D:5)
  2 bullfrogs
  A howler monkey (D:5)
  2 crimson imps
  A bullfrog zombie (D:7)
  2 hounds
  A quasit (D:7)
  2 jellies
  2 orc priests
  An iguana (D:4)
  4 worker ants
  3 orc wizards
  2 hound zombies (D:5)
  3 hound skeletons
  Robin (D:2)
  2 howler monkey skeletons
  11 gnolls
  8 adders
  3 adder skeletons
  5 worms
  A dart slug (D:2)
  A leopard gecko (D:2)
  21 orcs
  A ball python (D:2)
  3 giant cockroaches
  16 goblins
  10 hobgoblins
  15 jackals
  3 quokkas
  8 bats
  5 frilled lizards
  A jackal skeleton (D:5)
  2 kobolds
  7 rats
162 creatures vanquished.

Vanquished Creatures (others)
  A crimson imp (D:5)
  A hound (D:5)
  A worker ant (D:5)
  A leopard gecko (D:5)
  An orc (D:5)
5 creatures vanquished.

Grand Total: 167 creatures vanquished

Notes
Turn   | Place    | Note
-------+----------+-------------------------------------------
     0 | Abyss:1  | Gargoyl the Ghoul Abyssal Knight began the quest for the Orb.
     0 | Abyss:1  | Reached XP level 1. HP: 19/19 MP: 1/1
    61 | Abyss:2  | Noticed a small abomination
   106 | Abyss:2  | Noticed a large abomination
   111 | Abyss:2  | Noticed a ynoxinul
   121 | Abyss:2  | Noticed a small abomination
   125 | Abyss:2  | Noticed a small abomination
   134 | D:1      | Escaped the Abyss
   413 | D:1      | Reached * piety under Lugonu
   484 | D:1      | Reached XP level 2. HP: 21/25 MP: 2/2
   778 | D:2      | Noticed Robin
   926 | D:1      | Reached XP level 3. HP: 29/33 MP: 3/3
   989 | D:2      | Killed Robin
   995 | D:2      | Reached skill level 1 in Dodging
  1227 | D:2      | Found a shimmering altar of Xom.
  1296 | D:2      | Reached XP level 4. HP: 37/40 MP: 4/4
  1622 | D:3      | Reached ** piety under Lugonu
  1795 | D:3      | Reached skill level 1 in Polearms
  1812 | D:3      | Noticed an ice beast
  1827 | D:3      | Killed an ice beast
  1827 | D:3      | Reached skill level 2 in Polearms
  1827 | D:3      | Reached XP level 5. HP: 7/46 MP: 4/6
  2257 | D:3      | Reached XP level 6. HP: 47/52 MP: 7/7
  2830 | D:4      | Reached *** piety under Lugonu
  2848 | D:4      | Reached skill level 3 in Polearms
  2988 | D:4      | Found a snail-covered altar of Cheibriados.
  3005 | D:4      | Found a staircase to the Ecumenical Temple.
  3013 | D:4      | Found a hazy altar of Hepliaklqana.
  3038 | D:4      | Reached XP level 7. HP: 48/60 MP: 8/8
  3097 | D:4      | Reached skill level 4 in Polearms
  3210 | D:4      | Found a bloodstained altar of Trog.
  3465 | D:5      | Entered Level 5 of the Dungeon
  3479 | D:5      | Reached XP level 8. HP: 62/65 MP: 10/10
  3575 | D:5      | Found a shimmering altar of Xom.
  3614 | D:5      | Noticed a hippogriff
  3629 | D:5      | Killed a hippogriff
  3629 | D:5      | Reached skill level 5 in Fighting
  3629 | D:5      | Reached skill level 5 in Polearms
  3983 | D:5      | Reached **** piety under Lugonu
  4097 | D:5      | Reached skill level 5 in Armour
  4366 | D:6      | Reached skill level 5 in Invocations
  4372 | D:6      | Reached skill level 6 in Polearms
  4481 | D:6      | Reached XP level 9. HP: 33/75 MP: 11/11
  4978 | D:6      | Found a glowing golden altar of the Shining One.
  5082 | D:6      | Got a brightly glowing short sword
  5083 | D:6      | Identified the +4 short sword "Cass" {pain, rF+ MR++} (You found it on level 6 of the Dungeon)
  5325 | D:7      | Reached skill level 7 in Polearms
  5325 | D:7      | HP: 2/75 [orc warrior/short sword (12)]
  5326 | D:7      | Mangled by an orc warrior

Skill      XL: |  1  2  3  4  5  6  7  8  9 |
---------------+----------------------------+-----
Axes           | 2 |  2.6
Armour         | 2 3 4 5 |  5.7
Dodging        | 1 |  1.1
Fighting       | 4 5 6 |  6.0
Polearms       | 2 3 4 6 7 |  7.0
Invocations    | 3 4 5 |  5.7

Action                   |  1- 3 |  4- 6 |  7- 9 || total
-------------------------+-------+-------+-------++-------
Melee: Hand axe          |    54 |       |       ||    54
       Trident           |    32 |   170 |   261 ||   463
Invok: Depart the Abyss  |     1 |       |       ||     1
Evoke: Box of beasts     |     1 |       |       ||     1
  Use: Scroll            |       |    11 |     7 ||    18
       Potion            |       |       |     1 ||     1
  Eat: Chunk             |     8 |    23 |    31 ||    62
Armor: Plate armour      |   131 |   182 |   326 ||   639
Dodge: Dodged            |    44 |    45 |   114 ||   203
